 Dungeon Crawl Stone Soup version 0.27.1-2-g3b301248ec (webtiles) character file.

Game seed: 15212863883213676390

174 barney the Insei (level 5, -4/42 HPs)
             Began as a Draconian Transmuter on Sept 27, 2021.
             Splashed by a jelly's acid (9 damage)
             ... on level 3 of the Dungeon.
             The game lasted 00:05:08 (4498 turns).

barney the Insei (Draconian Transmuter)             Turns: 4498, Time: 00:05:11

Health: -4/42      AC: -6    Str: 12    XL:     5   Next: 28%
Magic:  3/8        EV: 12    Int: 14    God:
Gold:   69         SH:  0    Dex: 12    Spells: 1/8 levels left

rFire    . . .     SeeInvis +   k - +4 dagger
rCold    . . .     Faith    .   (no shield)
rNeg     . . .     Spirit   .   (armour unavailable)
rPois    .         Reflect  .   (helmet restricted)
rElec    .         Harm     .   l - +0 cloak
rCorr    .         Rampage  .   (no gloves)
Will     .....                  (no boots)
Stlth    ..........             (no amulet)
HPRegen  0.14/turn              c - ring of see invisible
MPRegen  0.11/turn              (no ring)

@: silenced, corroded
A: AC +5, unfitting armour, cold-blooded
a: no special abilities


You were on level 3 of the Dungeon.
You visited 1 branch of the dungeon, and saw 3 of its levels.

You collected 69 gold pieces.

Inventory:

Hand Weapons
 k - a +4 dagger (weapon)
Armour
 l - a +0 cloak (worn)
Magical Staves
 d - a staff of cold
Jewellery
 c - a ring of see invisible (left hand)
Scrolls
 a - a scroll of teleportation {unknown}
 b - 4 scrolls of identify
 f - a scroll of amnesia {unknown}
 h - a scroll of enchant armour {unknown}
 i - a scroll of fear {unknown}
 j - a scroll of blinking {unknown}
Potions
 g - a potion of flight


   Skills:
 + Level 2.5 Fighting
 - Level 1.7 Dodging
 * Level 4.4 Unarmed Combat
 - Level 2.0 Spellcasting
 * Level 3.7 Transmutations
 + Level 0.2 Poison Magic
 + Level 0.3 Evocations


You had one spell level left.
You knew the following spells:

 Your Spells              Type           Power      Damage    Failure   Level
a - Beastly Appendage     Tmut           22%        N/A       4%          1
b - Spider Form           Tmut/Pois      3%         N/A       32%         3
c - Wereblood             Tmut           11%        N/A       8%          2
d - Sting                 Tmut/Pois      24%        1d4       11%         1

Your spell library contained the following spells:

 Spells                   Type           Power      Damage    Failure   Level
 Poisonous Vapours        Pois/Air       2%         N/A       34%         2
 Ice Form                 Ice/Tmut       6%         N/A       73%         4
 Olgreb's Toxic Radiance  Pois           2%         N/A       91%         4


Dungeon Overview and Level Annotations

Branches:
Dungeon (3/15)

Altars:

Shops:
D:2 !:


Innate Abilities, Weirdness & Mutations

Your plain brown scales are hard. (AC +5)
You cannot fit into any form of body armour.
You are cold-blooded and may be slowed by cold attacks.


Message History

The jelly is severely wounded.
The jelly misses you.
You hit the jelly but do no damage.
The jelly is poisoned.
The acid corrodes you!
Your front legs burn!
The jelly is severely wounded.
The jelly closely misses you.
You hit the jelly but do no damage.
Your front legs burn!
The jelly is severely wounded.
Your transformation is almost over.
The jelly closely misses you.
You completely miss the jelly.
The jelly is severely wounded.
The jelly completely misses you.
You hit the jelly. The acid corrodes you!
Your front legs burn!
The jelly is almost dead.
You kill the jelly!
You hit the endoplasm but do no damage. The endoplasm closely misses you.
Your magical contamination has completely faded away.
You hit the endoplasm.
The endoplasm is heavily wounded.
The endoplasm completely misses you.
You hit the endoplasm.
You kill the endoplasm!
You hit the jelly but do no damage.
Your front legs burn!
The jelly hits you.
You are splashed with acid!
* * * LOW HITPOINT WARNING * * *
Okay, then.
As you read the scroll labelled ICAIGU NYECI, it crumbles to dust.
It is a scroll of identify.
g - a potion of flight The jelly barely misses you.
Okay, then.
As you read the scroll labelled UGUH TIUME, it crumbles to dust.
A profound silence engulfs you.
It was a scroll of silence.
Your transformation has ended.
Your +4 dagger unmelds from your body.
Your +0 cloak unmelds from your body.
The jelly hits you.
* * * LOW HITPOINT WARNING * * *
You are splashed with acid!
You die...

########## #÷PJ..P..$
#........÷ #.J÷PJP...
#.......PJ #.....J.÷.
#..JJ÷P.PJ #J#######
##JJ@)..## ########.#
#....'..## #....####
#############.......#
#..........##....(..#
#.####.##.###.......#
#.##.###.......#
#)##..###.....##


You could see a jelly and 2 endoplasms.

Vanquished Creatures
  A water moccasin skeleton (D:3)
  A jelly (D:3)
  A gnoll (D:2)
  An adder (D:2)
  A dart slug (D:1)
  An orc (D:3)
  6 ball pythons
  8 bats
  10 endoplasms
  6 giant cockroaches
  9 goblins
  2 hobgoblins
  A quokka (D:1)
  5 frilled lizards
  10 kobolds
  9 rats
72 creatures vanquished.

Vanquished Creatures (others)
  8 toadstools (D:3)
8 creatures vanquished.

Grand Total: 80 creatures vanquished

Notes
Turn   | Place    | Note
-------+----------+-------------------------------------------
     0 | D:1      | barney the Draconian Transmuter began the quest for the
                  | Orb.
     0 | D:1      | Reached XP level 1. HP: 16/16 MP: 3/3
   496 | D:1      | Reached XP level 2. HP: 23/23 MP: 3/5
   826 | D:1      | Found a faded altar of an unknown god.
  1142 | D:1      | Reached XP level 3. HP: 27/29 MP: 4/6
  1146 | D:1      | Learned a level 3 spell: Spider Form
  1162 | D:1      | Learned a level 2 spell: Wereblood
  2415 | D:2      | Found Quumour's Book Shop.
  3342 | D:2      | Found Deahudusch's Distillery.
  3472 | D:2      | Reached XP level 4. HP: 23/36 MP: 3/7
  3489 | D:2      | Reached skill level 4 in Unarmed Combat
  4166 | D:3      | Reached XP level 5. HP: 42/42 MP: 8/8
  4464 | D:3      | Learned a level 1 spell: Sting
  4498 | D:3      | Splashed by a jelly's acid

Illustrated notes

Levels and vault maps discovered:
D:1:      dpeg_arrival_subterranean_lakeside_camping, layout_basic,
          hellmonk_ecumenical_altar_leap_of_faith
D:2:      layout_loops_corners, serial_shops, shop, nicolae_diamond_shop,
          minmay_box_of_dots
D:3:      cheibrodos_fertilizer, layout_loops_ring

Skill      XL: |  1  2  3  4 |
---------------+-------------+-----
Transmutations | 3 |  3.7
Fighting       | 2 |  2.5
Unarmed Combat | 4 |  4.4
Dodging        | |  1.7
Spellcasting   | |  2.0
Poison Magic   | |  0.2
Evocations     | |  0.3

Action                   |  1- 3 |  4- 6 || total
-------------------------+-------+-------++-------
Melee: Unarmed           |    48 |    20 ||    68
       Tailslap          |    14 |     5 ||    19
       Punch             |     1 |     1 ||     2
       Dagger            |    62 |    42 ||   104
       Falchion          |    57 |       ||    57
       Kick              |    12 |     3 ||    15
       Headbutt          |     7 |     1 ||     8
 Cast: Beastly Appendage |    15 |     1 ||    16
       Spider Form       |     3 |     2 ||     5
  Use: Potion            |     2 |       ||     2
       Scroll            |       |     2 ||     2
 Stab: Sleeping          |     2 |     1 ||     3
       Distracted        |       |     1 ||     1
Armor: Skin              |    62 |    17 ||    79
Dodge: Dodged            |   112 |    44 ||   156
       Rpst.: Falchion   |    15 |       ||    15
